 Adventure DCSS version bcrawl-1.21.3-16-g7f46a08de7 (webtiles) character file.

Game seed: 11199768708740388891

88 funkygono the Magician (level 4, -3/33 HPs)
             Began as a Gnoll Wizard on Apr 29, 2020.
             Slain by a killer bee zombie (6 damage)
             ... on level 5 of the Dungeon on May 2, 2020.
             The game lasted 00:09:57 (4062 turns).

funkygono the Magician (Gnoll Wizard)               Turns: 4062, Time: 00:09:57

Health: -3/33      AC:  4    Str: 11    XL:     4   Next: 54%
Magic:  13/13      EV: 14    Int: 21    God:
Gold:   151        SH:  4    Dex: 13    Spells: 3/17 levels left
                                        Lives:  0   Deaths: 2

rFire    . . .     SeeInvis .   d - +4 dagger
rCold    . . .     Gourm    .   q - +0 buckler
rNeg     . . .     Faith    .   b - +0 robe
rPois    .         Spirit   .   c - +1 hat
rElec    .         Reflect  .   (no cloak)
rCorr    .         Harm     .   n - +0 pair of gloves
MR       .....     Rnd*Tele +   (no boots)
Stlth    +++.......             (no amulet)
HPRegen  0.11/turn              j - ring of teleportation (curse)
MPRegen  0.13/turn              (no ring)

@: lethally poisoned (-3 -> -5)
A: distributed training, fangs 1, strong nose
a: no special abilities


You were on level 5 of the Dungeon.
You were not hungry.

You visited 1 branch of the dungeon, and saw 5 of its levels.

You collected 151 gold pieces.

Inventory:

Hand Weapons
 a - a +0 staff
 d - a +4 dagger (weapon)
Missiles
 h - 792 stones (quivered)
Armour
 b - a +0 robe (worn)
 c - a +1 hat (worn)
 n - a +0 pair of gloves (worn)
 q - a +0 buckler (worn)
Jewellery
 j - a cursed ring of teleportation (left hand)
Scrolls
 g - a scroll of magic mapping {unknown}
 k - 3 scrolls of teleportation
 o - a scroll of fog
 t - a scroll of enchant armour
Potions
 f - a potion of brilliance
 i - a potion of mutation {unknown}
 m - a potion of agility
 p - a potion of might
 r - a potion of curing {unknown}
 u - a potion of invisibility {unknown}
Comestibles
 e - 7 rations {!d}
 s - a chunk of flesh


   Skills:
 + Level 1.9 Fighting
 + Level 1.9 Short Blades
 + Level 1.9 Long Blades
 + Level 1.9 Axes
 + Level 1.9 Maces & Flails
 + Level 1.9 Polearms
 + Level 1.9 Staves
 + Level 1.9 Slings
 + Level 1.9 Bows
 + Level 1.9 Crossbows
 + Level 1.9 Throwing
 + Level 1.9 Armour
 + Level 4.9 Dodging
 + Level 4.9 Stealth
 + Level 1.9 Shields
 + Level 1.9 Unarmed Combat
 + Level 7.4 Spellcasting
 + Level 2.6 Conjurations
 + Level 1.5 Hexes
 + Level 1.5 Charms
 + Level 2.6 Summonings
 + Level 1.5 Necromancy
 + Level 2.6 Translocations
 + Level 1.5 Transmutations
 + Level 1.5 Fire Magic
 + Level 1.5 Ice Magic
 + Level 1.5 Air Magic
 + Level 1.5 Earth Magic
 + Level 1.5 Poison Magic
 + Level 2.1 Invocations
 + Level 1.9 Evocations


You had 3 spell levels left.
You knew the following spells:

 Your Spells              Type           Power        Failure   Level  Hunger
a - Magic Dart            Conj           ###.         3%          1    None
b - Blink                 Tloc           N/A          5%          2    None
c - Call Imp              Summ           ###...       5%          2    None
d - Conjure Flame         Conj/Fire      ###.....     14%         3    None
e - Mephitic Cloud        Conj/Pois/Air  ###.....     16%         3    None
f - Spider Form           Tmut/Pois      ##.          17%         3    None

Your spell library contained the following spells:

 Spells                   Type           Power        Failure   Level  Hunger


Dungeon Overview and Level Annotations

Branches:
Dungeon (5/12)
 Temple: D:4-7

Altars:
The Shining One

Annotations:
D:4 Crazy Yiuf


Innate Abilities, Weirdness & Mutations

Your experience applies equally to all skills.
You have very sharp teeth.
Your uncanny sense of smell can sniff out nearby items.


Message History

The howler monkey hits you. The worker ant closely misses you.
The howler monkey hoots and howls with incredible vigour!
The killer bee zombie completely misses you.
You feel sick.
The killer bee zombie closely misses you.
The crimson imp blinks!
The killer bee zombie hits you. The worker ant barely misses you.
The crimson imp blinks!
The killer bee zombie hits you but does no damage.
You see here 131 arrows.
You feel sick. The killer bee zombie hits you.
* * * LOW HITPOINT WARNING * * *
The killer bee zombie hits you.
* * * LOW HITPOINT WARNING * * *
The worker ant bites you but does no damage.
You hit the howler monkey.
The howler monkey is lightly wounded.
The killer bee zombie barely misses you.
The howler monkey closely misses you. The killer bee zombie hits you.
You die...

##..## ####....#
###.......##
###..........##
#.............######
...................#
...................#
.................###
#.$..........5.h@##
#..............Za.#
##................##
##........<.Z.....#
#................#
####...............#
..................##
####.............##
####.........##


You could see a howler monkey, a worker ant, a crimson imp, a quokka zombie and
a killer bee zombie.

Vanquished Creatures
  A crimson imp (D:4)
  An orc priest (D:3)
  2 orc wizards
  Natasha (thrice) (D:3)
  2 hound skeletons
  An ooze (D:3)
  7 worms
  6 leopard geckos
  7 orcs
  4 giant cockroaches
  3 goblins
  5 hobgoblins
  3 jackals (D:2)
  8 bats
  3 frilled lizards
  6 kobolds
  7 rats
69 creatures vanquished.

Notes
Turn   | Place    | Note
-------+----------+-------------------------------------------
     0 | D:1      | funkygono the Gnoll Wizard began the quest for the Orb.
     0 | D:1      | Reached XP level 1. HP: 13/13 MP: 8/8
   129 | D:1      | Reached XP level 2. HP: 19/19 MP: 8/10
   964 | D:2      | Reached XP level 3. HP: 21/25 MP: 5/11
  1172 | D:2      | Learned a level 2 spell: Blink
  1175 | D:2      | Learned a level 2 spell: Call Imp
  1179 | D:2      | Learned a level 3 spell: Conjure Flame
  1183 | D:2      | Learned a level 3 spell: Mephitic Cloud
  1187 | D:2      | Learned a level 3 spell: Spider Form
  1556 | D:2      | Reached skill level 1 in Invocations
  1996 | D:3      | Found a glowing golden altar of the Shining One.
  2182 | D:3      | Reached skill level 1 in Fighting
  2182 | D:3      | Reached skill level 1 in Short Blades
  2182 | D:3      | Reached skill level 1 in Long Blades
  2182 | D:3      | Reached skill level 1 in Axes
  2182 | D:3      | Reached skill level 1 in Maces & Flails
  2182 | D:3      | Reached skill level 1 in Polearms
  2182 | D:3      | Reached skill level 1 in Staves
  2182 | D:3      | Reached skill level 1 in Slings
  2182 | D:3      | Reached skill level 1 in Bows
  2182 | D:3      | Reached skill level 1 in Crossbows
  2182 | D:3      | Reached skill level 1 in Throwing
  2182 | D:3      | Reached skill level 1 in Armour
  2182 | D:3      | Reached skill level 1 in Shields
  2182 | D:3      | Reached skill level 1 in Unarmed Combat
  2182 | D:3      | Reached skill level 1 in Evocations
  2324 | D:3      | Reached XP level 4. HP: 32/32 MP: 1/13
  2559 | D:3      | Reached skill level 1 in Hexes
  2559 | D:3      | Reached skill level 1 in Charms
  2559 | D:3      | Reached skill level 1 in Necromancy
  2559 | D:3      | Reached skill level 1 in Transmutations
  2559 | D:3      | Reached skill level 1 in Fire Magic
  2559 | D:3      | Reached skill level 1 in Ice Magic
  2559 | D:3      | Reached skill level 1 in Air Magic
  2559 | D:3      | Reached skill level 1 in Earth Magic
  2559 | D:3      | Reached skill level 1 in Poison Magic
  2567 | D:3      | Reached XP level 5. HP: 3/37 MP: 2/14
  3323 | D:3      | Found a faded altar of an unknown god.
  3395 | D:3      | Noticed Natasha
  3398 | D:3      | Killed Natasha
  3434 | D:3      | Noticed Natasha
  3438 | D:3      | Killed Natasha
  3506 | D:3      | Noticed Natasha
  3514 | D:3      | Killed Natasha
  3514 | D:3      | Reached XP level 6. HP: 26/44 MP: 10/16
  3831 | D:4      | Noticed a water moccasin
  3849 | D:4      | HP: 1/44 [water moccasin (7)]
  3850 | D:4      | Slain by a water moccasin
  3851 | D:4      | Reached XP level 5. HP: -2/38 MP: 14/14
  3874 | D:4      | Found a runed door.
  3998 | D:4      | Noticed Crazy Yiuf
  4008 | D:4      | Slain by Crazy Yiuf
  4009 | D:4      | Reached XP level 4. HP: -4/33 MP: 7/13
  4023 | D:5      | Entered Level 5 of the Dungeon
  4062 | D:5      | Slain by a killer bee zombie

Skill      XL: |  1  2  3  4  5  6 |
---------------+-------------------+-----
Conjurations   | 2 |  2.6
Summonings     | 2 |  2.6
Translocations | 2 |  2.6
Invocations    | 1 2 |  2.1
Fighting       | 1 |  1.9
Short Blades   | 1 |  1.9
Long Blades    | 1 |  1.9
Axes           | 1 |  1.9
Maces & Flails | 1 |  1.9
Polearms       | 1 |  1.9
Staves         | 1 |  1.9
Slings         | 1 |  1.9
Bows           | 1 |  1.9
Crossbows      | 1 |  1.9
Throwing       | 1 |  1.9
Armour         | 1 |  1.9
Shields        | 1 |  1.9
Unarmed Combat | 1 |  1.9
Evocations     | 1 |  1.9
Hexes          | 1 |  1.5
Charms         | 1 |  1.5
Necromancy     | 1 |  1.5
Transmutations | 1 |  1.5
Fire Magic     | 1 |  1.5
Ice Magic      | 1 |  1.5
Air Magic      | 1 |  1.5
Earth Magic    | 1 |  1.5
Poison Magic   | 1 |  1.5
Dodging        | |  4.9
Stealth        | |  4.9
Spellcasting   | |  7.4

Action                   |  1- 3 |  4- 6 || total
-------------------------+-------+-------++-------
Melee: Short sword       |    16 |       ||    16
       Dagger            |    23 |    97 ||   120
       Spear             |     4 |       ||     4
       Bite              |     2 |    12 ||    14
       Punch             |       |     1 ||     1
 Cast: Magic Dart        |    87 |    81 ||   168
       Mephitic Cloud    |     3 |     3 ||     6
       Call Imp          |     2 |     1 ||     3
       Conjure Flame     |     2 |       ||     2
       Blink             |     1 |       ||     1
  Use: Scroll            |     8 |     1 ||     9
       Potion            |       |     4 ||     4
 Stab: Sleeping          |     1 |       ||     1
  Eat: Chunk             |     4 |     5 ||     9
Armor: Robe              |     8 |    11 ||    19
Dodge: Dodged            |    25 |    65 ||    90
Block: Buckler           |       |     7 ||     7
